 Dungeon Crawl Stone Soup version 0.17-a0-1787-g4aeb8be (console) character file.

205178 Illiel the Markself (level 18, -1/120 HPs)
             Began as a High Elf Arcane Marksman on Sept 7, 2015.
             Was the Champion of Okawaru.
             Hit by a large rock thrown by a stone giant (19 damage)
             ... on level 1 of the Vaults on Sept 9, 2015.
             The game lasted 08:31:56 (58454 turns).

Illiel the Markself (High Elf Arcane Marksman)     Turns: 58454, Time: 08:31:56

Health: -1/120     AC: 21    Str: 10    XL:     18   Next: 3%
Magic:  10/34      EV: 16    Int: 25    God:    Okawaru [******]
Gold:   2493       SH:  0    Dex: 21    Spells: 8 memorised, 15 levels left

rFire  + + .     SeeInvis .     a - +9 longbow (flame)
rCold  + + .     Clarity  .     n - +5 scale mail of Lies {rPois rF+ Int+4}
rNeg   . . .     SustAt   .     (no shield)
rPois  +         Gourm    +     w - +2 hat of Jocwinorch {rElec rC+++ MR+}
rElec  +         Spirit   .     D - +0 cloak
rCorr  .         Warding  .     V - +2 pair of gloves {archery}
rMut   .         Stasis   .     q - +0 pair of boots
MR     +++..                    P - amulet of the gourmand
Stlth  ++++......               r - ring of protection from magic
                                G - ring of fire

@: very slightly contaminated, invisible, extremely resistant to hostile
enchantments, stealthy
A: electricity resistance, spit poison 1
a: Spit Poison, Heroism, Finesse, Renounce Religion
}: 1/15 runes: decaying


You were on level 1 of the Vaults.
You worshipped Okawaru.
Okawaru was exalted by your worship.
You were full.

You visited 8 branches of the dungeon, and saw 37 of its levels.
You visited 1 bazaar.
You also visited: Labyrinth and Ice Cave.

You collected 4596 gold pieces.
You spent 2103 gold pieces at shops.

Inventory:

Hand weapons
 a - a +9 longbow of flaming (weapon)
 b - the +9 long sword of Outrage {slice, SInv}
   (You found it on level 1 of the Spider Nest)

   It inflicts extra damage upon your enemies.
   It lets you see invisible.
 e - a +6 longbow of flaming
 f - a +4 scimitar of flaming
 h - a +4 triple sword of holy wrath
Missiles
 l - 20 poisoned arrows
 B - 58 arrows of frost
 M - 266 arrows (quivered)
 W - 18 arrows of dispersal
Armour
 n - the +5 scale mail of Lies (worn) {rPois rF+ Int+4}
   (You bought it in a shop in a bazaar)

   It affects your intelligence (+4).
   It protects you from fire.
   It protects you from poison.
 q - a +0 pair of boots (worn)
 w - the +2 hat of Jocwinorch (worn) {rElec rC+++ MR+}
   (Okawaru gifted it to you on level 12 of the Dungeon)

   It renders you almost immune to cold.
   It insulates you from electricity.
   It affects your resistance to hostile enchantments.
 D - a +0 cloak (worn)
 V - a +2 pair of gloves of archery (worn)
Jewellery
 r - a ring of protection from magic (right hand)
 t - an uncursed amulet of resist mutation
 G - a ring of fire (left hand)
 L - an uncursed ring of poison resistance
 P - an amulet of the gourmand (around neck)
 R - an uncursed ring of teleportation
 X - an uncursed ring of wizardry
Magical devices
 m - a wand of invisibility (4)
 K - a wand of hasting (3)
 T - a wand of teleportation (3)
Scrolls
 d - 7 scrolls of immolation
 i - 13 scrolls of identify
 j - a scroll of magic mapping
 s - 2 scrolls of fog
 v - 15 scrolls of teleportation
 y - a scroll of holy word
 E - 2 scrolls of silence
 O - a scroll of summoning
 Z - 13 scrolls of remove curse
Potions
 c - 6 potions of magic
 g - a potion of berserk rage
 o - 6 potions of brilliance
 u - 3 potions of agility
 z - 9 potions of curing
 I - 4 potions of might
 Y - 2 potions of resistance
Comestibles
 k - 2 beef jerkies
 H - 21 fruits


   Skills:
 - Level 9.8 Fighting
 - Level 12.7 Long Blades
 - Level 16.5 Bows
 - Level 8.9 Armour
 - Level 10.7 Dodging
 - Level 11.4 Stealth
 + Level 11.2 Spellcasting
 - Level 11.0 Hexes
 * Level 2.9 Charms
 - Level 2.0 Summonings
 - Level 3.0 Transmutations
 - Level 5.2 Fire Magic
 * Level 2.4 Air Magic
 - Level 4.5 Earth Magic
 - Level 10.8 Invocations
 - Level 10.2 Evocations


You had 15 spell levels left.
You knew the following spells:

 Your Spells              Type           Power        Failure   Level  Hunger
a - Corona                Hex            ######.      1%          1    None
b - Slow                  Hex            ######..     1%          2    None
c - Inner Flame           Hex/Fire       ######..     2%          3    None
d - Tukima's Dance        Hex            ######..     1%          3    None
e - Summon Guardian Gole  Hex/Summ       #####...     6%          3    None
f - Deflect Missiles      Chrm/Air       ####......   100%        6    #####..
i - Confuse               Hex            ######..     1%          3    None
w - Passwall              Trmt/Erth      ####......   14%         3    None


Dungeon Overview and Level Annotations

Branches:
Dungeon (15/15)            Temple (1/1) D:4            Lair (8/8) D:8
  Swamp (4/4) Lair:5       Spider (3/4) Lair:3        Slime (0/6) Lair:7
    Orc (4/4) D:9             Elf (1/3) Orc:3        Vaults (1/5) D:14
 Depths (0/5) D:15

Altars:
Ashenzari
Cheibriados
Dithmenos
Elyvilon
Fedhas
Gozag
Kikubaaqudgha
Makhleb
Nemelex Xobeh
Okawaru
Qazlal
Ru
Sif Muna
Trog
Vehumet
Xom
Yredelemnul
Zin
The Shining One
Beogh

Shops:
D:5 !   D:6 !   Orc:1 *   Orc:4 [=?}:}:

Portals:
Trove: Vaults:1 (give +4 demon blade)

Annotations:
D:5 exclusion: door
Lair:1 exclusion: oklob plant
Lair:6 exclusion: oklob plant
Elf:1 Louise


Innate Abilities, Weirdness & Mutations

You are resistant to electric shocks.
You can spit weak poison.


Message History

* * * LOW HITPOINT WARNING * * *
Unknown command.
Read which item? (? for menu, Esc to quit)
Okay, then.
Read which item? (? for menu, Esc to quit)
Okay, then.
Casting: Inner Flame
Confirm with . or Enter, or press ? or * to list all spells.
Aiming: Confuse
Press: ? - help, Shift-Dir - straight line, f - stone giant
Aim: a stone giant (flame, lightly wounded, chance to defeat MR: 27%)
Okay, then.
Drink which item? (? for menu, Esc to quit)
You fade into invisibility!
The stone giant is engulfed in roaring flames.
The stone giant throws a large rock.
The large rock barely misses you.
You are very lightly contaminated with residual magic.
The stone giant is engulfed in roaring flames.
The stone giant throws a large rock.
The large rock hits you!!
You die...

▒▒▒▒▒▒▒▒▒▒ ▒∙∙∙∙∙∙∙∙∙
▒∙∙∙∙∙∙∙∙∙ ▒∙∙∙▒∙∙▒∙∙
▒▒▒▒▒▒▒▒▒ ▒∙∙∙∙∙▒∙∙∙
▒∙∙∙∙∙∙∙▒ ▒∙∙∙∙∙∙▒∙∙
▒∙∙∙∙∙∙∙▒ ▒∙∙▒∙▒▒▒∙▒
▒∙∙∙∙∙∙∙▒▒▒▒▒▒▒∙∙∙▒∙▒▒▒∙
▒∙∙∙∙∙∙∙▒∙∙∙∙∙∙∙∙∙∙∙▒∙∙∙
▒∙∙∙∙∙∙(▒∙∙∙∙∙∙∙∙▒∙∙∙▒∙∙
(▒##∙∙∙∙∙▒∙∙∙∙∙∙∙∙∙∙∙▒∙∙▒
∙C##∙∙((@)(∙∙∙∙∙∙∙∙∙∙∙∙∙∙
∙▒##∙∙∙∙∙▒)∙∙)∙(∙∙∙∙∙∙∙∙∙
▒∙∙∙∙∙(∙▒▒▒▒▒▒▒▒▒▒▒▒▒▒▒▒
▒▒▒▒▒(▒▒▒ ▒( ▒( ∙▒ ) !▒ ∙


You could see a stone giant.

Vanquished Creatures
  Arachne (Spider:2)
  Rupert (Lair:8)
  Asterion (Spider:1)
  2 thorn hunters (Swamp:3)
  A frost giant (IceCv)
  A stone giant (Vaults:1)
  2 very ugly things (Swamp:1)
  Nessos (Lair:5)
  A deep elf demonologist (Elf:1)
  Azrael (D:13)
  The ghost of Ebilmort the Arsonist, a powerful OpWz of Vehumet (Lair:5)
  A fire dragon (Vaults:1)
  5 yaktaur captains
  Josephine (Orc:4)
  A minotaur (Lab)
  3 ogre magi (Orc:4)
  24 hydras
  Fannar (D:11)
  Harold (Orc:1)
  3 entropy weavers
  2 catoblepae
  14 alligators
  3 centaur warriors
  A ghost crab (Swamp:4)
  A tengu warrior (D:14)
  11 death yaks
  The ghost of Rationalist the Blocker, an experienced FoFi of Qazlal (D:12)
  Sonja (Orc:4)
  Nergalle (Orc:1)
  4 deep elf knights
  A wizard (Vaults:1)
  4 skeletal warriors (D:13)
  2 deep elf summoners (Elf:1)
  4 unseen horrors
  2 hill giants
  An ice statue (IceCv)
  4 spriggan druids
  7 swamp dragons
  4 shambling mangroves
  5 griffons
  A deep elf conjurer (Elf:1)
  3 hornets
  7 wolf spiders
  2 cyclopes
  6 ugly things
  4 orc knights
  3 orb spiders
  14 elephants
  A necromancer (D:14)
  A manticore (D:14)
  Maurice (D:8)
  7 black mambas
  2 vault sentinels (Vaults:1)
  A moth of wrath (Spider:1)
  Psyche (D:8)
  20 spiny frogs
  3 torpor snails
  2 gargoyles
  8 komodo dragons
  7 demonic crawlers
  5 fire drakes
  13 jumping spiders
  3 deep elf priests (Elf:1)
  4 yaktaurs
  2 tengu conjurers (D:15)
  17 polar bears
  11 giant leeches
  5 trolls
  12 slime creatures
  A minotaur skeleton (Lab)
  9 two-headed ogres
  28 blink frogs
  6 bog bodies
  A boulder beetle (Spider:1)
  32 redbacks
  8 spriggans
  A spriggan (shapeshifter) (Elf:1)
  7 wraiths
  5 trapdoor spiders
  6 deep elf magi
  3 hungry ghosts
  A water elemental (D:13)
  2 shadows
  6 wyverns (Lair:5)
  12 hippogriffs
  12 tarantellas
  6 basilisks
  34 vampire mosquitoes
  Eustachio (D:5)
  3 fire elementals (D:13)
  3 deep elf fighters
  71 yaks
  23 swamp worms
  A mottled dragon (D:7)
  8 insubstantial wisps
  2 wargs
  29 wolves
  Duvessa (D:7)
  13 swamp drakes
  15 water moccasins
  14 porcupines
  4 hell hounds (D:13)
  13 ice beasts
  17 orc warriors
  3 sky beasts
  11 spiders
  2 phantoms
  3 black bears
  An eye of draining (D:7)
  3 boggarts (Vaults:1)
  16 crocodiles
  3 necrophages
  13 wasps
  22 ogres
  19 centaurs
  A crocodile (shapeshifter) (Vaults:1)
  35 giant frogs
  6 big kobolds
  Dowan (D:7)
  An earth elemental (Lab)
  A wyvern skeleton (D:13)
  3 scorpions
  11 killer bees
  3 troll skeletons (Lab)
  5 wights
  A centaur zombie (D:12)
  A wasp zombie (D:6)
  9 crimson imps
  5 electric eels (Lair:8)
  2 giant frog zombies
  30 orc priests
  9 hounds
  20 jellies
  5 giant frog skeletons
  5 centaur skeletons
  32 orc wizards
  9 iguanas
  A killer bee zombie (D:7)
  11 worker ants
  23 sheep
  2 ogre skeletons (Lab)
  A hound skeleton (D:5)
  10 gnolls
  A worker ant zombie (D:10)
  46 river rats
  18 adders
  2 shadow imps (D:8)
  An adder zombie (D:6)
  3 oozes
  4 adder skeletons
  3 worms
  221 orcs
  5 ball pythons
  13 goblins
  9 hobgoblins
  6 jackals
  23 kobolds
  7 quokkas
  6 bats
  5 giant cockroaches
  3 giant geckos
  3 giant newts
  22 rats
  12 fungi
  16 plants
1458 creatures vanquished.

Vanquished Creatures (collateral kills)
  A dancing weapon (D:15)
  2 ogre magi
  A deep elf conjurer (Elf:1)
  4 hill giants
  3 orc knights
  9 two-headed ogres
  A tarantella (Spider:3)
  3 redbacks
  A deep elf fighter (Elf:1)
  4 deep elf magi
  A vampire mosquito (D:15)
  5 orc warriors
  16 ogres
  A spider (Spider:2)
  Blork the orc (D:6)
  A big kobold (D:9)
  A giant frog (D:12)
  5 wights
  An orc priest (Orc:3)
  An orc wizard (Orc:3)
  4 orcs
  A quokka (D:10)
67 creatures vanquished.

Vanquished Creatures (others)
  An alligator (Swamp:1)
  3 dancing weapons
  An orc wizard (D:7)
  An orc priest (D:7)
  An orc (D:7)
  78 fungi
  28 plants
113 creatures vanquished.

Grand Total: 1638 creatures vanquished

Notes
Turn   | Place    | Note
--------------------------------------------------------------
     0 | D:1      | Illiel the High Elf Arcane Marksman began the quest for the Orb.
     0 | D:1      | Reached XP level 1. HP: 13/13 MP: 3/3
   279 | D:1      | Reached XP level 2. HP: 12/18 MP: 4/4
   283 | D:1      | Learned a level 2 spell: Slow
   437 | D:1      | Reached skill level 4 in Bows
  1166 | D:1      | Reached XP level 3. HP: 23/23 MP: 5/5
  1459 | D:2      | Reached skill level 5 in Bows
  1987 | D:2      | Reached skill level 6 in Bows
  1987 | D:2      | Reached XP level 4. HP: 12/28 MP: 1/6
  2035 | D:2      | Found a burning altar of Makhleb.
  2626 | D:3      | Gained mutation: You are resistant to electric shocks. [potion of beneficial mutation]
  2627 | D:3      | Gained mutation: You have a pair of small horns on your head. [potion of beneficial mutation]
  2633 | D:3      | Lost mutation: You have a pair of small horns on your head. [potion of cure mutation]
  3028 | D:3      | Reached XP level 5. HP: 28/33 MP: 7/7
  3260 | D:3      | Reached skill level 1 in Evocations
  3327 | D:3      | Reached skill level 1 in Stealth
  3504 | D:1      | Reached skill level 1 in Armour
  3934 | D:4      | Noticed an ogre
  4007 | D:3      | Reached XP level 6. HP: 38/38 MP: 3/9
  4283 | D:4      | Found a staircase to the Ecumenical Temple.
  4354 | Temple   | Entered the Ecumenical Temple
  4362 | Temple   | Became a worshipper of Warmaster Okawaru
  4482 | D:4      | Killed an ogre
  4722 | D:4      | Learned a level 3 spell: Inner Flame
  4879 | D:4      | Reached skill level 7 in Bows
  4960 | D:5      | Entered Level 5 of the Dungeon
  4988 | D:5      | Noticed Eustachio
  5016 | D:5      | Killed Eustachio
  5016 | D:5      | Reached skill level 1 in Invocations
  5016 | D:5      | Reached XP level 7. HP: 38/45 MP: 8/11
  5069 | D:5      | Found Ukhlur's Distillery.
  5154 | D:5      | Acquired Okawaru's first power
  5169 | D:5      | Found a shimmering altar of Xom.
  5217 | D:5      | Noticed a moth of wrath
  5269 | D:5      | Found a bloodstained altar of Trog.
  5483 | D:5      | Reached skill level 1 in Long Blades
  6496 | D:6      | Reached XP level 8. HP: 44/51 MP: 13/13
  6704 | D:6      | Noticed Blork the orc
  6802 | D:6      | Found Tanir's Distillery.
  6925 | D:6      | Reached skill level 8 in Bows
  6979 | D:6      | Bought a potion of curing for 33 gold pieces
  6979 | D:6      | Bought a potion of agility for 44 gold pieces
  6979 | D:6      | Bought a potion of heal wounds for 55 gold pieces
  6979 | D:6      | Bought a potion of might for 44 gold pieces
  7382 | D:7      | Found a shadowy altar of Dithmenos.
  7519 | D:7      | Learned a level 3 spell: Tukima's Dance
  7543 | D:7      | Found a radiant altar of Vehumet.
  7546 | D:7      | Noticed Duvessa
  7546 | D:7      | Noticed Dowan
  7622 | D:6      | Killed Blork the orc
  8118 | D:7      | Learned a level 3 spell: Confuse
  8327 | D:7      | Killed Duvessa
  8327 | D:7      | Reached XP level 9. HP: 38/57 MP: 8/16
  8336 | D:7      | Killed Dowan
  9100 | D:8      | Reached skill level 9 in Bows
  9102 | D:8      | Found a staircase to the Lair.
  9155 | D:8      | Reached skill level 1 in Fire Magic
  9185 | Lair:1   | Entered Level 1 of the Lair of Beasts
  9590 | Lair:1   | Reached skill level 5 in Dodging
  9987 | D:8      | Reached skill level 5 in Long Blades
 10203 | Lair:1   | Found a blossoming altar of Fedhas.
 10223 | Lair:1   | Noticed an oklob plant
 10327 | Lair:1   | Reached XP level 10. HP: 63/63 MP: 10/17
 11037 | Lair:1   | Received a gift from Okawaru
 11037 | Lair:1   | Reached skill level 10 in Bows
 11209 | D:8      | Reached skill level 5 in Stealth
 11215 | D:8      | Reached skill level 5 in Hexes
 11478 | D:8      | Got a heavily runed leather armour
 11501 | D:8      | Identified the cursed +0 leather armour of Locaux {rPois rN+ Regen+ MP+9} (You took it off an orc on level 8 of the Dungeon)
 11565 | D:8      | Noticed Maurice
 11646 | D:8      | Killed Maurice
 11646 | D:8      | Reached skill level 5 in Spellcasting
 11771 | D:8      | Noticed Psyche
 11794 | D:8      | Killed Psyche
 11946 | D:8      | Found a glowing silver altar of Zin.
 12512 | D:9      | Found a staircase to the Orcish Mines.
 12531 | D:9      | Received a gift from Okawaru
 12589 | D:9      | Found a white marble altar of Elyvilon.
 12758 | D:9      | Acquired Okawaru's second power
 12942 | D:9      | Noticed a three-headed hydra
 12949 | D:9      | Killed a one-headed hydra
 12949 | D:9      | Received a gift from Okawaru
 12949 | D:9      | Reached XP level 11. HP: 59/70 MP: 19/19
 12958 | D:9      | Got a distressingly furry ring mail {god gift}
 13045 | D:9      | Identified the +0 ring mail of the Worm {rCorr Stlth+} (Okawaru gifted it to you on level 9 of the Dungeon)
 13422 | Lair:2   | Got a faintly glowing scale mail
 13708 | Lair:3   | Reached skill level 5 in Evocations
 13711 | Lair:3   | Found a hole to the Spider Nest.
 14074 | Lair:3   | Reached skill level 11 in Bows
 14871 | Lair:4   | Reached skill level 5 in Fighting
 15582 | Lair:4   | Received a gift from Okawaru
 15582 | Lair:4   | Reached skill level 5 in Invocations
 15731 | Lair:4   | Received a gift from Okawaru
 16304 | Lair:4   | Identified the cursed +1 scale mail of Impressiveness {Str+3} (You found it on level 2 of the Lair of Beasts)
 16498 | Lair:4   | Reached skill level 5 in Armour
 16533 | Lair:4   | Reached XP level 12. HP: 77/77 MP: 22/22
 16783 | Lair:5   | Noticed Ebilmort's ghost (powerful OpWz)
 16818 | Lair:5   | Found a frozen archway.
 16953 | IceCv    | Entered an ice cave
 17197 | IceCv    | Reached skill level 12 in Bows
 17343 | IceCv    | Received a gift from Okawaru
 17837 | IceCv    | Received a gift from Okawaru
 17956 | IceCv    | Noticed a frost giant
 17973 | IceCv    | Gained mutation: You can spit weak poison. [potion of beneficial mutation]
 18016 | IceCv    | Killed a frost giant
 18025 | IceCv    | Reached skill level 5 in Fire Magic
 18030 | IceCv    | Received a gift from Okawaru
 18602 | D:10     | Entered Level 10 of the Dungeon
 20058 | D:11     | Received a gift from Okawaru
 20381 | D:11     | Noticed Fannar
 20425 | D:11     | Killed Fannar
 20425 | D:11     | Reached XP level 13. HP: 66/83 MP: 25/25
 22026 | Lair:6   | Found a deep blue altar of Sif Muna.
 22049 | Lair:5   | Noticed Nessos
 22536 | Lair:5   | Killed Nessos
 22536 | Lair:5   | Reached skill level 13 in Bows
 23074 | Lair:5   | Noticed an eight-headed hydra
 23932 | D:12     | Noticed Rationalist's ghost (experienced FoFi)
 23996 | D:12     | Killed Rationalist's ghost
 23996 | D:12     | Received a gift from Okawaru
 24221 | D:12     | Received a gift from Okawaru
 24231 | D:12     | Got a spiked cloak
 24242 | D:12     | Identified the +1 cloak of Noon {rCorr MP+9 Int-3} (You found it on level 12 of the Dungeon)
 24409 | D:12     | Got a fine ring mail
 24420 | D:12     | Identified the cursed +1 ring mail of Lies {+Blink Stlth+} (You found it on level 12 of the Dungeon)
 24515 | D:12     | Found a sparkling altar of Nemelex Xobeh.
 24548 | D:12     | Received a gift from Okawaru
 24560 | D:12     | Got an ancient hat {god gift}
 24566 | D:12     | Identified the +2 hat of Jocwinorch {rElec rC+++ MR+} (Okawaru gifted it to you on level 12 of the Dungeon)
 25721 | Lair:5   | Killed an eight-headed hydra
 25736 | Lair:5   | Reached skill level 10 in Long Blades
 25894 | Lair:5   | Found a staircase to the Swamp.
 26202 | Lair:5   | Killed Ebilmort's ghost
 26691 | Orc:1    | Entered Level 1 of the Orcish Mines
 26762 | Orc:1    | Noticed Harold
 26772 | Orc:1    | Killed Harold
 26772 | Orc:1    | Reached XP level 14. HP: 90/90 MP: 27/27
 27655 | Orc:1    | Found Achuff's Assorted Antiques.
 27699 | Orc:1    | Noticed Nergalle
 27769 | Orc:1    | Killed Nergalle
 27786 | Orc:1    | Bought a pair of embroidered gloves for 162 gold pieces
 27786 | Orc:1    | Bought a ripped robe for 205 gold pieces
 27808 | Orc:1    | Identified the +0 robe of Bedevilment {rElec rF- rC+ Regen+} (You bought it in a shop on level 1 of the Orcish Mines)
 28800 | Orc:3    | Found a roughly hewn altar of Beogh.
 29167 | Orc:3    | Found a staircase to the Elven Halls.
 29256 | Orc:4    | Entered Level 4 of the Orcish Mines
 29263 | Orc:4    | Found a labyrinth entrance.
 29263 | Orc:4    | Noticed Josephine
 29347 | Orc:4    | Found Esoni's Antique Armour Shoppe.
 29377 | Orc:4    | Killed Josephine
 29402 | Orc:4    | Found a roughly hewn altar of Beogh.
 29458 | Orc:4    | Found a flickering gateway to a bazaar.
 29468 | Bazaar   | Entered a bazaar
 29472 | Bazaar   | Found Zextocy's Antique Weapon Shop.
 29480 | Bazaar   | Found Oxudahua's Jewellery Shop.
 29488 | Bazaar   | Bought a cursed amulet of inaccuracy for 22 gold pieces
 29492 | Bazaar   | Found Suedyre's General Store.
 29503 | Bazaar   | Found Gichy's Magic Scroll Boutique.
 29512 | Bazaar   | Bought a scroll of identify for 20 gold pieces
 29512 | Bazaar   | Bought a scroll of silence for 75 gold pieces
 29512 | Bazaar   | Bought a scroll of remove curse for 30 gold pieces
 29512 | Bazaar   | Bought a scroll of remove curse for 30 gold pieces
 29512 | Bazaar   | Bought a scroll of identify for 20 gold pieces
 29512 | Bazaar   | Bought a scroll of magic mapping for 35 gold pieces
 29512 | Bazaar   | Found Rientis's Antique Armour Boutique.
 29520 | Bazaar   | Bought a fine scale mail for 162 gold pieces
 29520 | Bazaar   | Bought a twisted leather armour for 126 gold pieces
 29549 | Lab      | Entered a labyrinth
 30220 | Lab      | Got a colourful robe
 31025 | Lab      | Upgraded the game from 0.17-a0-1769-g54adf96 to 0.17-a0-1775-g10da671
 31955 | Lab      | Reached skill level 14 in Bows
 32093 | Orc:4    | Identified the +1 robe of the Known World {Slay+3} (You found it in a labyrinth)
 32106 | Orc:4    | Identified the +5 scale mail of Lies {rPois rF+ Int+4} (You bought it in a shop in a bazaar)
 32129 | Orc:4    | Identified the +4 leather armour of the Morning Star {rElec rPois Str-2 Stlth+} (You bought it in a shop in a bazaar)
 32545 | Orc:4    | Received a gift from Okawaru
 32603 | Orc:4    | Received a gift from Okawaru
 32685 | Orc:4    | Received a gift from Okawaru
 32804 | Orc:4    | Noticed Sonja
 32810 | Orc:4    | Killed Sonja
 32830 | Orc:4    | Received a gift from Okawaru
 32970 | Orc:4    | Found Uvomahi's Gadget Shoppe.
 32971 | Orc:4    | Found Horejeg's Book Boutique.
 32971 | Orc:4    | Found Xearowon's Book Emporium.
 32971 | Orc:4    | Found Leilaupn's Gadget Boutique.
 33132 | Orc:4    | Found Fyekhaij's Jewellery Emporium.
 33258 | Orc:4    | Received a gift from Okawaru
 33415 | Orc:4    | Found Wecusaev's Magic Scroll Emporium.
 34153 | Lair:6   | Received a gift from Okawaru
 34164 | Lair:6   | Received a gift from Okawaru
 35796 | Lair:7   | Received a gift from Okawaru
 36019 | Lair:7   | Found a staircase to the Slime Pits.
 36413 | Lair:7   | Reached XP level 15. HP: 99/99 MP: 24/29
 37016 | Lair:8   | Entered Level 8 of the Lair of Beasts
 37495 | Lair:8   | Reached skill level 15 in Bows
 37564 | Lair:8   | Received a gift from Okawaru
 37566 | Lair:8   | Got a translucent buckler {god gift}
 38139 | Lair:8   | Noticed Rupert
 38176 | Lair:8   | Killed Rupert
 38795 | Lair:8   | Got a polished helmet
 38836 | Lair:8   | Identified the +1 helmet "Resifuorhu" {Int+2} (You found it on level 8 of the Lair of Beasts)
 40092 | D:13     | Noticed Azrael
 40099 | D:13     | Killed Azrael
 40295 | D:13     | Received a gift from Okawaru
 40831 | Spider:1 | Entered Level 1 of the Spider Nest
 41140 | Swamp:1  | Entered Level 1 of the Swamp
 41202 | Swamp:1  | Received a gift from Okawaru
 41245 | Swamp:1  | Reached skill level 10 in Hexes
 41520 | Swamp:1  | Received a gift from Okawaru
 41528 | Swamp:1  | Got a smoking hat {god gift}
 41582 | Lair:5   | Identified the +3 hat "Keaggam" {Int+3} (Okawaru gifted it to you on level 1 of the Swamp)
 42250 | D:14     | Reached skill level 10 in Stealth
 42290 | D:14     | Reached skill level 10 in Spellcasting
 42657 | D:14     | Found a gate to the Vaults.
 42796 | D:14     | Reached XP level 16. HP: 57/106 MP: 2/31
 42993 | D:15     | Entered Level 15 of the Dungeon
 43360 | D:15     | Learned a level 3 spell: Passwall
 43500 | D:15     | Found Eqodd's Magic Scroll Emporium.
 43689 | D:15     | Found a staircase to the Depths.
 44689 | Swamp:1  | Reached skill level 1 in Transmutations
 44999 | Swamp:1  | Reached skill level 1 in Earth Magic
 45483 | Swamp:1  | Received a gift from Okawaru
 46523 | Swamp:2  | Received a gift from Okawaru
 46523 | Swamp:2  | Reached skill level 16 in Bows
 50332 | Swamp:4  | Entered Level 4 of the Swamp
 50350 | Swamp:4  | Reached skill level 10 in Invocations
 50442 | Swamp:4  | Identified a scroll of acquirement
 50766 | Swamp:4  | Reached XP level 17. HP: 95/113 MP: 3/32
 50800 | Swamp:4  | Received a gift from Okawaru
 50801 | Swamp:4  | Got an ivory great sword {god gift}
 50814 | Swamp:4  | Identified the +7 great sword of Laceration {slice, *Drain Str+4 Dex+3 SInv} (Okawaru gifted it to you on level 4 of the Swamp)
 50860 | Swamp:4  | Reached skill level 10 in Dodging
 51427 | Swamp:4  | Got a decaying rune of Zot
 52316 | Elf:1    | Entered Level 1 of the Elven Halls
 52905 | Elf:1    | Received a gift from Okawaru
 52943 | Elf:1    | Noticed Louise
 53539 | Spider:1 | Got a pitted long sword
 53540 | Spider:1 | Identified the +9 long sword of Outrage {slice, SInv} (You found it on level 1 of the Spider Nest)
 53799 | Spider:1 | Upgraded the game from 0.17-a0-1775-g10da671 to 0.17-a0-1787-g4aeb8be
 53860 | Spider:1 | Learned a level 3 spell: Summon Guardian Golem
 54061 | Spider:1 | Received a gift from Okawaru
 54399 | Spider:2 | Reached skill level 10 in Evocations
 54668 | Spider:2 | Noticed Arachne
 54693 | Spider:2 | Noticed Asterion
 54870 | Spider:2 | Killed Arachne
 54870 | Spider:2 | Reached skill level 1 in Summonings
 55016 | Spider:1 | Killed Asterion
 56847 | Vaults:1 | Entered Level 1 of the Vaults
 57109 | Vaults:1 | Received a gift from Okawaru
 57723 | Orc:4    | Bought a book of the Sky for 1040 gold pieces
 57730 | Orc:4    | Learned a level 6 spell: Deflect Missiles
 58070 | Vaults:1 | Reached skill level 1 in Charms
 58198 | Vaults:1 | Found a portal to a secret trove of treasure.
 58244 | Vaults:1 | Reached skill level 1 in Air Magic
 58390 | Vaults:1 | Received a gift from Okawaru
 58403 | Vaults:1 | Reached XP level 18. HP: 120/120 MP: 22/34
 58454 | Vaults:1 | Hit by a large rock thrown by a stone giant

Vault maps used:
D:1:      lemuel_arrival_lava_pool, minmay_misc_feat_enclosed, hex_intersection
D:2:      makhleb_heckhound_becter
D:3:      portal_sewer_entry_b
D:4:      minmay_temple_entry_large_hall, first_bread
D:5:      kennysheep_big_flooded_room, tgw_trog, old_standard_altar,
          serial_shops, nicolae_shop_statue_plus, uniq_eustachio
D:6:      serial_shops, shop, uniq_blork_the_orc
D:7:      hangedman_cross_stitches, fiery_altar_vehumet,
          nicolae_dithmenos_shadow_blocks, uniq_duvessa
D:8:      zin_scriptorium, due_lair_maze_entry_diamond, uniq_psyche,
          uniq_maurice
D:9:      old_standard_altar, erik_orc_3, hangedman_ranch
D:10:     lemuel_old_faithful
D:11:     roderic_lattice_a, uniq_fannar
D:12:     basic_altar
D:13:     minmay_crystal_water, hangedman_decor_peaks_small, uniq_azrael
D:14:     david_vaults_1
D:15:     grunt_enter_depths_snipers, small_statue_intersection, serial_shops,
          shop_fountains, minmay_misc_feat_rows, water_boxes_lemuel
Temple:   circular_temple_12
Lair:1:   tgw_fedhas
Lair:3:   dummy_spider_entry
Lair:4:   serial_bayou_pond_e, grunt_megastairs_3, serial_bayou_shore_b
Lair:5:   minmay_swamp_entry_worms, special_room,
          portal_ice_cave_entry_ice_beasts, uniq_nessos
Lair:6:   lemuel_oklob_altar, serial_bayou_shore_b
Lair:7:   minmay_slime_entry_jelly_boxes
Lair:8:   minmay_lair_end_frog_pond, infiniplex_staircase_pool_2, uniq_rupert
Swamp:1:  nicolae_swamp_very_dense_foliage, swamp_pool5
Swamp:2:  evilmike_swamp_ruin_house_1
Swamp:3:  serial_swamp_ruin, evilmike_swamp_ruin_rubble_2,
          hangedman_swamp_ruin_wall
Swamp:4:  swamp
Spider:2: uniq_arachne, uniq_asterion
Spider:3: hangedman_spider_tarantella_strand
Orc:1:    serial_shops, nicolae_shop_overgrown_old_shop, uniq_harold,
          uniq_nergalle
Orc:2:    nicolae_orc_tapped_out
Orc:3:    nicolae_orc_accident_2, nicolae_orc_pool_cavern
Orc:4:    st_orc_ogre_mass, lab_entry_generic, basic_altar, serial_shops,
          bzr_in_the_mist, nicolae_shop_behind_doors,
          nicolae_shop_window_shopping, nicolae_shop_waterfront, uniq_sonja,
          uniq_josephine
Elf:1:    serial_shops, nicolae_shop_behind_doors, minmay_elf_sorcery,
          grunt_ministairs_1, uniq_louise
Vaults:1: ontoclasm_vaults_idyll, ontoclasm_vaults_ring_square,
          vaults_mumra_hexcomb, st_lattice, hangedman_vaults_unwind,
          v_pattern_1, hangedman_vaults_stitches,
          nicolae_vaults_little_squares_4, enter_trove_6
Lab:      nicolae_lab_hexagon, nicolae_lab_swirl, nicolae_lab_diamond,
          labyrinth_skeletal_remains, nicolae_lab_quarters, labyrinth_glass_1
Bazaar:   bazaar_lake
IceCv:    ice_cave_small_giant

Action                   |  1- 3 |  4- 6 |  7- 9 | 10-12 | 13-15 | 16-18 || total
-------------------------+-------+-------+-------+-------+-------+-------++-------
Melee: Short sword       |    83 |   143 |       |       |       |       ||   226
       Long sword        |       |       |   301 |   110 |       |    51 ||   462
       Falchion          |       |       |    24 |   357 |   532 |       ||   913
       Triple sword      |       |       |       |    47 |   145 |    29 ||   221
       Scimitar          |       |       |       |       |   109 |   508 ||   617
       Great sword       |       |       |       |       |       |     7 ||     7
 Fire: Shortbow          |    59 |   142 |   291 |  1155 |   228 |       ||  1875
       Longbow           |       |       |       |       |  1269 |   845 ||  2114
 Cast: Corona            |     5 |    13 |    23 |    13 |    23 |    14 ||    91
       Slow              |       |    19 |    32 |     1 |    12 |     3 ||    67
       Tukima's Dance    |       |       |     6 |    20 |    64 |    35 ||   125
       Confuse           |       |       |    36 |   274 |   359 |   158 ||   827
       Inner Flame       |       |       |       |    14 |    70 |    42 ||   126
       Summon Guardian G |       |       |       |       |       |     2 ||     2
Invok: Heroism           |       |       |     2 |     5 |     5 |     3 ||    15
       Finesse           |       |       |       |     1 |     2 |     3 ||     6
 Abil: Evoke Flight      |       |       |       |       |       |     3 ||     3
Evoke: Wand              |       |       |     5 |     8 |    15 |     2 ||    30
  Use: Scroll            |       |     9 |     3 |    15 |    15 |    13 ||    55
       Potion            |       |     4 |     3 |     6 |     4 |    13 ||    30
 Stab: Sleeping          |     1 |       |     2 |     3 |     1 |     1 ||     8
       Confused          |       |       |    16 |    38 |    40 |    57 ||   151
       Distracted        |       |       |       |     1 |     2 |       ||     3
       Invisible         |       |       |       |       |       |     3 ||     3
  Eat: Chunk             |     3 |    12 |    22 |    52 |    72 |    47 ||   208
       Fruit             |       |       |     2 |       |       |     5 ||     7
